 Dungeon Crawl Stone Soup version 0.30-a0-377-g5cb311bc9f (webtiles) character file.

Game seed: 9060170011638860052

29 Shayle the Conjurer (level 3, 28/28 HPs)
             Began as a Demonspawn Reaver on Nov 28, 2022.
             Quit the game on level 2 of the Dungeon.
             The game lasted 00:02:42 (730 turns).

Shayle the Conjurer (Demonspawn Reaver)              Turns: 730, Time: 00:02:43

Health: 28/28      AC:  3    Str: 12    XL:     3   Next: 1%
Magic:  6/6        EV: 11    Int: 16    God:
Gold:   21         SH:  4    Dex: 11    Spells: 5/6 levels left

rFire   . . .      SeeInvis .    g - +0 mace (drain)
rCold   . . .      Faith    .    (no shield)
rNeg    . . .      Spirit   .    b - +0 leather armour
rPois   .          Reflect  .    (no helmet)
rElec   .          Harm     .    (no cloak)
rCorr   .          Rampage  .    (no gloves)
Will    +....                    (no boots)
Stlth   +.........               (no amulet)
HPRegen 0.24/turn                d - ring of willpower
MPRegen 0.10/turn                (no ring)

@: no status effects
A: claws 1, large bone plates 1
a: no special abilities


You were on level 2 of the Dungeon.
You visited 1 branch of the dungeon, and saw 2 of its levels.

You collected 21 gold pieces.

Inventory:

Hand Weapons
 a - a +0 hand axe
 g - a +0 mace of draining (weapon)
Armour
 b - a +0 leather armour (worn)
Jewellery
 d - a ring of willpower (left claw)
 j - a ring of willpower
Scrolls
 c - a scroll of enchant weapon {unknown}
 h - 3 scrolls of identify {unknown}
Potions
 e - a potion of haste {unknown}
 f - a potion of heal wounds {unknown}
 i - a potion of invisibility {unknown}


   Skills:
 + Level 2.6 Fighting
 - Level 2.6 Axes
 + Level 1.2 Armour
 - Level 1.7 Dodging
 + Level 1.3 Stealth
 - Level 2.0 Spellcasting
 - Level 3.0 Conjurations


You had 5 spell levels left.
You knew the following spells:

 Your Spells              Type           Power      Damage    Failure   Level
a - Kiss of Death         Conj/Necr      24%        2d7       14%         1

Your spell library contained the following spells:

 Spells                   Type           Power      Damage    Failure   Level
 Momentum Strike          Conj/Tloc      12%        3d8       22%         2
 Sting                    Tmut/Pois      4%         1d3       26%         1
 Hailstorm                Conj/Ice       6%         3d4       38%         3


Dungeon Overview and Level Annotations

Branches:
Dungeon (2/15)

Altars:


Innate Abilities, Weirdness & Mutations

You have sharp fingernails.
You are partially covered in large bone plates. (SH +4)


Message History

The ball python bites you but does no damage.
The ball python constricts you.
You hit the ball python but do no damage.
The ball python is severely wounded.
The ball python barely misses you. The ball python constricts you.
The ball python bites you. The ball python constricts you.
You closely miss the ball python.
The ball python is severely wounded.
The ball python bites you. The ball python constricts you.
You sock the ball python!
You kill the ball python!
Done exploring.
Done exploring.
Done exploring.
(D) Dungeon
Where to? (? - help)
There is a stone staircase leading down here.
You climb downwards.
There is a stone staircase leading up here.
There is a stone staircase leading up here.
A giant cockroach comes into view.
You closely miss the giant cockroach.
The giant cockroach bites you but does no damage.
The giant cockroach bites you.
You hit the giant cockroach but do no damage.
You drain the giant cockroach.
The giant cockroach is severely wounded.
The giant cockroach bites you.
The giant cockroach bites you but does no damage.
You hit the giant cockroach.
You kill the giant cockroach!
You have reached level 3!
Your experience leads to an increase in your attributes!
Increase (S)trength, (I)ntelligence, or (D)exterity?
You feel clever. x2; Your demonic ancestry asserts itself...
Your fingernails lengthen.
HP restored.
Found a ring mail.
Found 15 gold pieces.
Are you sure you want to abandon this character and quit the game? (Confirm with "yes".)

####.... #......#.
### #........ ..#
#.......#.#.#
#......# $#.#
#......# ..##
#......####..######
#..........@.[.....
#......########....
#......##### .
#..........#
#####......#
#.......# #.......#
#.......# #.......#
..


There were no monsters in sight!

Vanquished Creatures
  A dart slug (D:1)
  2 ball pythons (D:1)
  2 endoplasms (D:1)
  5 giant cockroaches
  A hobgoblin (D:1)
  2 kobolds (D:1)
  2 quokkas (D:1)
  A bat (D:1)
  A frilled lizard (D:1)
  2 goblins (D:1)
  6 rats (D:1)
25 creatures vanquished.

Notes
Turn   | Place    | Note
-------+----------+-------------------------------------------
     0 | D:1      | Shayle the Demonspawn Reaver began the quest for the Orb.
     0 | D:1      | Reached XP level 1. HP: 16/16 MP: 3/3
   155 | D:1      | Gained mutation: You are partially covered in large bone
                  | plates. (SH +4) [demonic ancestry]
   155 | D:1      | Reached XP level 2. HP: 22/22 MP: 5/5
   231 | D:1      | Found a faded altar of an unknown god.
   238 | D:1      | Got Plato's Compilation of Shapes
   262 | D:1      | Reached skill level 1 in Stealth
   321 | D:1      | Reached skill level 1 in Armour
   710 | D:2      | Gained mutation: You have sharp fingernails. [demonic
                  | ancestry]
   710 | D:2      | Reached XP level 3. HP: 27/28 MP: 6/6
   730 | D:2      | Quit the game

Illustrated notes

Levels and vault maps discovered:
D:1:      onia_arrival_handbag, layout_rooms,
          shapermc_ecumenical_altar_rom_forum, eino_curves_03
D:2:      layout_basic

Skill      XL: |  1  2 |
---------------+-------+-----
Stealth        | 1 |  1.3
Armour         | 1 |  1.2
Fighting       | |  2.6
Axes           | |  2.6
Dodging        | |  1.7
Spellcasting   | |  2.0
Conjurations   | |  3.0

Action                   || total
-------------------------++-------
Melee: Hand axe          ||    56
       Punch             ||     1
       Mace              ||    28
 Stab: Sleeping          ||     1
Armor: Leather armour    ||    30
Dodge: Dodged            ||    30
Block: Other             ||     8

Table legend: (Time is in decaauts)
 A = Elapsed time spent in this place.
 B = Non-inter-level travel time spent in this place.
 C = Inter-level travel time spent in this place.
 D = Time resting spent in this place.
 E = Time spent auto-exploring this place.
 F = Levels seen in this place.
 G = Mean time per level.
                   A        B        C        D        E       F      G
               +--------+--------+--------+--------+--------+-----+--------+
         Total |    747 |    734 |     13 |     52 |    415 |   2 |  373.5 |
       Dungeon |    747 |    734 |     13 |     52 |    415 |   2 |  373.5 |
               +--------+--------+--------+--------+--------+-----+--------+

Top non-repeatable levels by time:
     D:1: 713 daAuts
     D:2: 33 daAuts
